 Dungeon Crawl Stone Soup version 0.20-a0-1062-g7b787ac (webtiles) character file.

23 Alarkh the Insei (level 2, -4/21 HPs)
             Began as a Demonspawn Transmuter on Apr 27, 2017.
             Slain by Natasha (7 damage)
             ... on level 2 of the Dungeon.
             The game lasted 00:01:23 (2160 turns).

Alarkh the Insei (Demonspawn Transmuter)            Turns: 2160, Time: 00:01:24

Health: -4/21      AC:  2    Str: 10    XL:     2   Next: 72%
Magic:  5/5        EV: 12    Int: 19    God:
Gold:   71         SH:  0    Dex: 13    Spells: 4/5 levels left

rFire    . . .     SeeInvis .     - Unarmed
rCold    . . .     Gourm    .   (no shield)
rNeg     . . .     Faith    .   b - +0 robe
rPois    .         Spirit   .   (no helmet)
rElec    .         Reflect  .   (no cloak)
rCorr    .         Harm     .   (no gloves)
MR       .....                  (no boots)
Stlth    ++........             (no amulet)
Regen    0.1/turn               (no ring)
MPRegen  0.1/turn               (no ring)

@: brilliant, hasted, very quick
A: nightstalker 1
a: no special abilities


You were on level 2 of the Dungeon.
You were very hungry.

You visited 1 branch of the dungeon, and saw 2 of its levels.

You collected 71 gold pieces.

Inventory:

Missiles
 a - 12 arrows
Armour
 b - a +0 robe (worn)
Scrolls
 f - 2 scrolls of identify {unknown}
 k - 2 scrolls of teleportation {unknown}
Potions
 e - 2 potions of haste
 g - a potion of brilliance
 j - a potion of curing
Books
 c - a book of Changes

   Spells                             Type                      Level
   a - Beastly Appendage              Transmutation                1
   b - Sticks to Snakes               Transmutation                2
   c - Spider Form                    Transmutation/Poison         3
   d - Ice Form                       Ice/Transmutation            4
   e - Blade Hands                    Transmutation                5
Comestibles
 d - 3 bread rations
 h - a royal jelly


   Skills:
 + Level 1.5 Fighting
 + Level 2.3 Dodging
 * Level 3.1 Unarmed Combat
 - Level 2.0 Spellcasting
 - Level 1.7 Transmutations


You had 4 spell levels left.
You knew the following spells:

 Your Spells              Type           Power        Failure   Level  Hunger
a - Beastly Appendage     Tmut           ###...       1%          1    #......


Dungeon Overview and Level Annotations

Branches:
Dungeon (2/15)

Altars:

Annotations:
D:2 Natasha


Innate Abilities, Weirdness & Mutations

You are slightly more attuned to the shadows.


Message History

The white imp hits you but does no damage.
You hit Natasha.
Natasha is heavily wounded.
Your horns disappear.
The frilled lizard barely misses you.
You hit Natasha.
Natasha is almost dead.
Natasha claws you. The white imp gestures at you. The puff of frost hits you!
The frilled lizard closely misses you.
You barely miss Natasha.
Natasha is severely wounded.
Natasha closely misses you. The white imp hits you. The white imp freezes you.
* * * LOW HITPOINT WARNING * * *
You feel as though your hastened speed will last longer.
The crimson imp barely misses you. The frilled lizard barely misses you.
You hit Natasha.
Natasha is almost dead.
Natasha claws you!
You die...

#. .$ #. ....
#######. ..#
#....# .###..#
#..... #.....#
###....###5h...#
..........@l#
#......5.?#
.###....#######
.................
...#......#######
#........#
.###....##.##
........##.###..
........##.#...#


You could see Natasha, a crimson imp, a white imp and a frilled lizard.

Vanquished Creatures
  A leopard gecko (D:1)
  3 bats (D:1)
  A giant cockroach (D:2)
  5 goblins (D:1)
  2 hobgoblins (D:1)
  3 kobolds (D:1)
  A frilled lizard (D:1)
  4 rats (D:1)
20 creatures vanquished.

Notes
Turn   | Place    | Note
-------+----------+-------------------------------------------
     0 | D:1      | Alarkh the Demonspawn Transmuter began the quest for the Orb.
     0 | D:1      | Reached XP level 1. HP: 15/15 MP: 3/3
   658 | D:1      | Gained mutation: You are slightly more attuned to the shadows. [demonic ancestry]
   658 | D:1      | Reached XP level 2. HP: 12/21 MP: 5/5
  1201 | D:1      | Reached skill level 3 in Unarmed Combat
  2147 | D:2      | Noticed Natasha
  2153 | D:2      | Noticed a crimson imp
  2160 | D:2      | Slain by Natasha

Vault maps used:
D:1:      ncdulo_halloftheorcs, patterned_corridor
D:2:      hangedman_glass_teeth, kennysheep_generic_room_5, uniq_natasha

Skill      XL: |  1  2 |
---------------+-------+-----
Dodging        | 2 |  2.3
Unarmed Combat | 3 |  3.1
Fighting       | |  1.5
Spellcasting   | |  2.0
Transmutations | |  1.7

Action                   || total
-------------------------++-------
Melee: Unarmed           ||   116
       Headbutt          ||     4
       Kick              ||     8
       Punch             ||     2
 Cast: Beastly Appendage ||    19
  Use: Potion            ||     4
 Stab: Sleeping          ||     2
  Eat: Chunk             ||     3
Armor: Robe              ||    31
Dodge: Dodged            ||    78
